 Dungeon Crawl Stone Soup version 0.20-a0-823-gdec668e (webtiles) character file.

160 Laan the Chopper (level 5, -4/49 HPs)
             Began as a Naga Berserker on Mar 5, 2017.
             Was a Believer of Trog.
             Slain by a gnoll
             ... wielding a +0 halberd
              (13 damage)
             ... on level 3 of the Dungeon.
             The game lasted 00:04:22 (2194 turns).

Laan the Chopper (Naga Berserker)                   Turns: 2194, Time: 00:04:23

Health: -4/49      AC:  5    Str: 21    XL:     5   Next: 41%
Magic:  5/5        EV:  8    Int:  7    God:    Trog [**....]
Gold:   70         SH:  0    Dex: 10    Spells: 4/4 levels left

rFire    . . .     SeeInvis +   a - +0 hand axe
rCold    . . .     Gourm    .   l - +0 scale mail
rNeg     . . .     Faith    .   (no shield)
rPois    +         Spirit   .   (no helmet)
rElec    .         Reflect  .   (no cloak)
rCorr    .         Harm     .   (no gloves)
MR       .....                  (no barding)
Stlth    ..........             k - amulet of magic regeneration
Regen    0.2/turn               (no ring)
MPRegen  0.2/turn               (no ring)

@: exhausted, slowed, very slow
A: see invisible, deformed body, poison resistance, slowness 2, slow metabolism
1, spit poison 1, AC +1
a: Spit Poison, Berserk, Trog's Hand, Burn Spellbooks, Renounce Religion


You were on level 3 of the Dungeon.
You worshipped Trog.
Trog was pleased with you.
You were very hungry.

You visited 1 branch of the dungeon, and saw 3 of its levels.

You collected 70 gold pieces.

Inventory:

Hand Weapons
 a - a +0 hand axe (weapon)
Armour
 l - a +0 scale mail (worn)
Jewellery
 k - an amulet of magic regeneration (around neck)
Scrolls
 f - a scroll of immolation {unknown}
 g - a scroll of identify
 h - a scroll of magic mapping {unknown}
 i - a scroll of fear {unknown}
Potions
 e - 3 potions of mutation {unknown}
 j - a potion of lignification {unknown}
 o - a potion of degeneration {unknown}
Comestibles
 b - a meat ration
 c - 2 bread rations
 d - 3 fruits
 m - 4 chunks of flesh
 n - a royal jelly


   Skills:
 - Level 3.0 Fighting
 + Level 5.9 Axes
 - Level 1.5 Armour
 - Level 1.5 Dodging


You had 4 spell levels left.
You didn't know any spells.

Dungeon Overview and Level Annotations

Branches:
Dungeon (3/15)

Altars:
The Shining One


Innate Abilities, Weirdness & Mutations

You cannot wear boots.
Your serpentine skin is tough. (AC +1)
You have supernaturally acute eyesight. (SInv)
Armour fits poorly on your strangely shaped body.
Your system is resistant to poisons. (rPois)
You cover ground very slowly.
You have a slow metabolism.
You can spit poison.


Message History

The gnoll hits you from afar with a halberd.
You are too injured to fight recklessly!
You are too injured to fight recklessly!
You are too injured to fight recklessly!
You are too injured to fight recklessly!
You are too injured to fight recklessly!
You slash the gnoll!
You kill the gnoll!
Trog accepts your kill.
You are no longer berserk.
You are exhausted.
You feel yourself slow down. The gnoll hits you with a halberd.
You see here a halberd.
You completely miss the gnoll. The gnoll hits you with a halberd.
You closely miss the gnoll. The gnoll closely misses you.
The gnoll barely misses you.
You closely miss the gnoll. The gnoll hits you with a halberd!
* * * LOW HITPOINT WARNING * * *
You barely miss the gnoll. The gnoll hits you with a halberd!
You die...

.........# #.#
#.######.# #.#
#.########.#
#..........#
#.########## #
#.# ##. #.#####
###
#...#####.....#
#..
#..g@)...###.#
#.# #.#.#####.#
#.# #. #... #.#
# #.### #.# ..#
#.######.. #.#
#.........
#.....#####...
.# #... #...


You could see a gnoll.

Vanquished Creatures
  Terence (D:2)
  Ijyb (D:2)
  2 gnolls (D:3)
  3 adders
  An ooze (D:2)
  A worm (D:2)
  3 dart slugs
  3 leopard geckos
  An orc (D:3)
  4 goblins
  6 hobgoblins
  2 jackals (D:1)
  A quokka (D:2)
  A ball python (D:2)
  6 bats
  4 frilled lizards
  7 kobolds
  4 rats
51 creatures vanquished.

Notes
Turn   | Place    | Note
-------+----------+-------------------------------------------
     0 | D:1      | Laan the Naga Berserker began the quest for the Orb.
     0 | D:1      | Reached XP level 1. HP: 21/21 MP: 1/1
   142 | D:1      | Reached XP level 2. HP: 27/28 MP: 2/2
   283 | D:1      | Reached skill level 4 in Axes
   433 | D:1      | Reached XP level 3. HP: 20/34 MP: 3/3
  1268 | D:2      | Noticed Terence
  1280 | D:2      | Killed Terence
  1280 | D:2      | Reached ** piety under Trog
  1280 | D:2      | Reached XP level 4. HP: 30/42 MP: 4/4
  1430 | D:2      | Reached skill level 5 in Axes
  1721 | D:2      | Noticed Ijyb
  1733 | D:2      | Killed Ijyb
  1807 | D:2      | Reached XP level 5. HP: 34/49 MP: 5/5
  1852 | D:2      | Found a glowing golden altar of the Shining One.
  2194 | D:3      | Slain by a gnoll

Vault maps used:
D:1:      lightli_arrival_quake
D:2:      corexii_hall_statues_l, nicolae_tso_swordbearing_angel, uniq_iyjb,
          uniq_terence
D:3:      nicolae_dithmenos_through_a_glass_darkly

Skill      XL: |  1  2  3  4 |
---------------+-------------+-----
Axes           | 4 5 |  5.9
Fighting       | |  3.0
Armour         | |  1.5
Dodging        | |  1.5

Action                   |  1- 3 |  4- 6 || total
-------------------------+-------+-------++-------
Melee: Hand axe          |   120 |   105 ||   225
Invok: Berserk           |     1 |     2 ||     3
  Use: Scroll            |       |     1 ||     1
  Eat: Chunk             |     1 |     4 ||     5
Armor: Animal skin       |    27 |       ||    27
       Scale mail        |       |    46 ||    46
Dodge: Dodged            |    75 |    44 ||   119
